Map: Neon Violet Square LE

Players

ZerGhoul - Winner!

  • Race: Protoss Protoss
  • Spawn Location: 11:00

Infamous

  • Race: Protoss Protoss
  • League: Gold
  • Spawn Location: 5:00

VOD

Have the link to the VOD?

Description

Time

  • Played on: April 12, 2018, 1:06 p.m.
  • Length: 11:59
Show
View Real Time Build Order
Export as new Build Order

ZerGhoul Protoss - Winner!

Build Orders: Oracle Opening 

Get SALT Encoding   

  12  0:00  Probe  
  13  0:13  Probe  
  14  0:24  Pylon  
  14  0:26  Probe  
  15  0:42  Probe  
  16  0:46  Gateway  
  16  0:54  Probe (Chrono Boost)  
  17  1:02  Assimilator  
  17  1:06  Probe (Chrono Boost)  
  18  1:13  Probe (Chrono Boost)  
  18  1:17  Pylon  
  19  1:20  Probe  
  20  1:37  Cybernetics Core  
  20  1:39  Probe  
  21  1:58  Probe  
  21  2:00  Assimilator, Nexus  
  22  2:15  Pylon  
  22  2:16  Warp Gate (Chrono Boost)  
  22  2:21  Probe  
  23  2:44  Stargate  
  23  2:48  Gateway  
  23  2:49  Gateway  
  23  3:05  Stalker  
  25  3:14  Probe  
  26  3:26  Probe  
  27  3:29  Probe  
  27  3:36  Oracle (Chrono Boost)  
  30  3:49  Gateway  
  30  3:50  Pylon  
  30  3:54  Probe  
  31  3:56  Probe  
  31  4:02  Pylon  
  32  4:09  Void Ray  
  36  4:18  Robotics Facility  
  36  4:24  Stalker  
  38  4:28  Probe x2  
  40  4:40  Probe  
  41  4:56  Twilight Council  
  41  4:59  Pylon  
  41  5:02  Probe  
  41  5:03  Probe  
  41  5:05  Observer (Chrono Boost)  
  44  5:10  Stalker  
  44  5:11  Stalker  
  48  5:14  Probe, Assimilator  
  48  5:15  Probe  
  48  5:18  Assimilator  
  48  5:19  Observer (Chrono Boost)  
  51  5:26  Probe  
  51  5:28  Probe  
  53  6:02  Void Ray  
  61  6:04  Immortal  
  61  6:19  Charge (Chrono Boost)  
  61  6:29  Probe x2  
  61  6:32  Pylon  
  63  6:41  Probe x2  
  63  6:42  Pylon, Nexus  
  63  6:43  Pylon  
  63  6:45  Zealot x2  
  63  6:46  Zealot x2  
  73  6:50  Void Ray  
  73  6:53  Probe x2  
  79  7:03  Gateway  
  79  7:04  Gateway  
  79  7:08  Probe  
  80  7:10  Probe  
  80  7:13  Immortal  
  85  7:34  Forge  
  85  7:39  Forge  
  85  7:40  Forge  
  85  7:46  Void Ray  
  89  7:58  Zealot x2  
  89  7:59  Zealot x2  
  89  8:04  Zealot x2  
  101  8:11  Probe x3  
  104  8:13  Protoss Ground Weapons Level 1 (Chrono Boost)  
  104  8:15  Protoss Ground Armor Level 1 (Chrono Boost)  
  104  8:21  Protoss Shields Level 1 (Chrono Boost)  
  104  8:23  Probe x3  
  107  8:35  Probe x3  
  107  8:37  Pylon  
  110  9:05  Zealot x5  
  110  9:06  Zealot  
  122  9:12  Assimilator  
  122  9:15  Assimilator  
  122  9:25  Pylon  
  122  9:29  Pylon  
  122  9:32  Pylon  
  122  9:34  Immortal  
  122  9:36  Pylon  
  122  9:40  Void Ray (Chrono Boost)  
  130  9:46  Protoss Air Weapons Level 1  
  129  10:12  Zealot  
  129  10:13  Zealot x5  
  141  10:31  Warp Prism  
  143  10:37  Robotics Bay  
  143  11:00  Void Ray (Chrono Boost)  
  147  11:11  Immortal  
Show
View Real Time Build Order
Export as new Build Order

Infamous Protoss 

Build Orders:  

Get SALT Encoding   

  12  0:01  Probe  
  13  0:16  Pylon  
  13  0:18  Probe (Chrono Boost)  
  14  0:30  Probe (Chrono Boost)  
  14  0:34  Gateway  
  15  0:37  Probe (Chrono Boost)  
  16  0:49  Probe  
  17  0:59  Assimilator  
  17  1:01  Probe  
  18  1:18  Probe  
  19  1:23  Cybernetics Core  
  19  1:30  Probe  
  20  1:42  Probe  
  20  1:43  Assimilator  
  20  1:44  Pylon  
  21  1:56  Probe  
  22  2:02  Stalker (Chrono Boost)  
  24  2:09  Probe  
  24  2:10  Warp Gate  
  25  2:19  Gateway  
  25  2:36  Nexus  
  25  2:41  Pylon  
  25  2:47  Probe  
  26  2:56  Pylon  
  26  3:05  Stalker x2 (Chrono Boost)  
  30  3:14  Shield Battery  
  30  3:37  Probe  
  31  3:49  Probe, Robotics Facility  
  31  3:50  Robotics Facility  
  31  3:54  Twilight Council  
  32  4:03  Assimilator  
  32  4:07  Probe (Chrono Boost)  
  34  4:12  Probe (Chrono Boost)  
  35  4:17  Probe (Chrono Boost)  
  35  4:21  Probe (Chrono Boost)  
  36  4:28  Pylon, Stalker  
  36  4:30  Forge  
  32  4:52  Immortal (Chrono Boost)  
  32  4:54  Shield Battery  
  32  4:58  Blink (Chrono Boost)  
  37  5:04  Observer (Chrono Boost)  
  37  5:10  Probe x2  
  39  5:19  Pylon  
  39  5:36  Protoss Ground Weapons Level 1  
  39  5:38  Stalker  
  39  5:40  Zealot  
  43  5:47  Photon Cannon  
  43  5:49  Shield Battery  
  43  6:06  Immortal (Chrono Boost)  
  46  6:29  Assimilator  
  46  6:31  Probe x2  
  48  6:33  Assimilator  
  48  6:43  Probe x2  
  48  6:44  Photon Cannon  
  50  6:50  Photon Cannon  
  50  6:51  Photon Cannon  
  50  6:57  Sentry x2  
  54  7:25  Gateway  
  54  7:28  Zealot x2  
  58  7:33  Observer  
  58  7:37  Immortal  
  63  7:39  Probe x2  
  65  7:51  Stalker  
  65  7:52  Templar Archives  
  65  7:55  Zealot  
  65  7:56  Pylon  
  69  8:03  Protoss Ground Armor Level 1 (Chrono Boost)  
  69  8:13  Probe x2  
  69  8:15  Psionic Storm  
  71  8:25  Pylon  
  71  8:31  Gateway  
  71  8:41  High Templar  
  71  8:42  High Templar  
  75  8:59  Stalker  
  76  9:04  Immortal (Chrono Boost)  
  84  9:13  Probe  
  84  9:15  Immortal (Chrono Boost)  
  85  9:31  High Templar  
  85  9:36  Observer  
  88  9:49  Archon  
  88  9:51  High Templar  
  90  10:12  Zealot x2  
  94  10:34  Nexus  
  94  10:38  Pylon  
  94  10:40  Pylon  
  94  10:42  Pylon  
  94  10:56  Immortal (Chrono Boost)  
  102  11:04  Immortal (Chrono Boost), Stalker x2  
  102  11:05  Stalker x2  
Tags
 
Add a new tag
Caveats
  • Supply blocks, unpowered buildings, or Contaminate may cause inaccurate times.
  • Supply counts are checked every 10 seconds.